 Dungeon Crawl Stone Soup version 0.23.2-1-ga50397a (webtiles) character file.

Game seed: 10683952272860375182

63 MalarOregon the Ruffian (level 4, 0/38 HPs)
             Began as a Ghoul Gladiator on June 2, 2019.
             Slain by a gnoll (6 damage)
             ... on level 2 of the Dungeon.
             The game lasted 00:02:05 (1300 turns).

MalarOregon the Ruffian (Ghoul Gladiator)           Turns: 1300, Time: 00:02:06

Health: 0/38       AC:  5    Str: 17    XL:     4   Next: 10%
Magic:  0/3        EV:  9    Int:  4    God:
Gold:   69         SH:  7    Dex: 10    Spells: 3/3 levels left

rFire    . . .     SeeInvis .     - Unarmed
rCold    + . .     Gourm    .   j - +0 shield
rNeg     + + +     Faith    .   a - +0 leather armour
rPois    ∞         Spirit   +   b - +0 helmet
rElec    .         Reflect  .   (no cloak)
rCorr    .         Harm     .   (no gloves)
MR       .....                  g - +0 pair of boots
Stlth    +.........             h - amulet of guardian spirit
HPRegen  0.00/turn              (no ring)
MPRegen  0.08/turn              (no ring)

@: rotting
A: rotting body, claws 1, carnivore, cold resistance 1, negative energy
resistance 3, inhibited regeneration, torment resistance, unbreathing
a: no special abilities


You were on level 2 of the Dungeon.
You were not hungry.

You visited 1 branch of the dungeon, and saw 2 of its levels.

You collected 69 gold pieces.

Inventory:

Missiles
 c - 3 throwing nets (quivered) {!f}
Armour
 a - a +0 leather armour (worn)
 b - a +0 helmet (worn)
 g - a +0 pair of boots (worn)
   (You found it on level 1 of the Dungeon)
 j - a +0 shield (worn)
   (You found it on level 1 of the Dungeon)
Jewellery
 h - an amulet of guardian spirit (around neck)
   (You found it on level 1 of the Dungeon)
Scrolls
 d - a scroll of fog {unknown}
 k - a scroll of magic mapping {unknown}
 l - a scroll of identify {unknown}
 p - a scroll of remove curse {unknown}
Potions
 f - 2 potions of flight {unknown}
 m - a potion of heal wounds {unknown}
 n - a potion of invisibility {unknown}
 o - a potion of lignification {unknown}
 q - a potion of brilliance {unknown}
Comestibles
 e - 2 rations {!d}


   Skills:
 + Level 3.0 Fighting
 - Level 1.7 Throwing
 - Level 2.9 Dodging
 + Level 1.0 Shields
 * Level 4.4 Unarmed Combat


You had 3 spell levels left.
You didn't know any spells.
Your spell library was empty.

Dungeon Overview and Level Annotations

Branches:
Dungeon (2/15)

Altars:
Cheibriados
Okawaru
Ru
Sif Muna


Innate Abilities, Weirdness & Mutations

Your body is rotting away.
You thrive on raw meat.
You are immune to poison.
You have sharp fingernails.
You are carnivorous and can eat meat at any time.
Your flesh is cold resistant. (rC+)
You are immune to negative energy. (rN+++)
You do not regenerate when monsters are visible.
You are immune to unholy pain and torment.
You can survive without breathing.


Message History

Found a scroll labeled PUREOSMOACK.
Some of the chunks of flesh in your inventory have rotted away.
There is a stone staircase leading up here.
You climb upwards.
There is a stone staircase leading down here.
You start resting.
All of the chunks of flesh in your inventory have rotted away.
You climb downwards.
The gnoll hits you with a cursed +0 whip!
There is a stone staircase leading up here.
The gnoll barely misses you.
You climb upwards.
There is a stone staircase leading down here.
You closely miss the gnoll. You block the gnoll's attack.
The gnoll barely misses you.
You closely miss the gnoll. You claw the gnoll!
The gnoll hits you with a cursed +0 whip.
You claw the gnoll!
You kill the gnoll!
Your Fighting skill increases to level 3!
Your Shields skill increases to level 1!
You have reached level 4!
You start resting.
You start resting.
You climb downwards.
There is a stone staircase leading up here.
You climb upwards.
There is a stone staircase leading down here.
You climb downwards.
There is a stone staircase leading up here.
The gnoll barely misses you. The gnoll hits you with a +0 halberd!
You scratch the gnoll. The gnoll hits you with a +0 halberd.
You scratch the gnoll but do no damage. You scratch the gnoll but do no damage.
The gnoll barely misses you. The gnoll closely misses you.
You barely miss the gnoll. The gnoll closely misses you.
The gnoll hits you with a +0 halberd!
* * * LOW HITPOINT WARNING * * *
You claw the gnoll! The gnoll hits you but does no damage.
The gnoll hits you with a +0 halberd!
* * * LOW HITPOINT WARNING * * *
The gnoll hits you from afar with a +0 halberd.
* * * LOW HITPOINT WARNING * * *
The gnoll barely misses you.
There is a stone staircase leading up here.
Unknown command.
The gnoll hits you.
You die...

.......# 8## .....[.####
.... ..........####.....
8###8#............. ##
######.#.####8#
+........(#######
###....##.......#
#....##.......#
#........@....#
#..#...gg.....#
#..#.#........#
###########..#.......#
.....................#
.##########...########
........#.............
......................
........#+.....g.###.#.#


You could see 2 gnolls.

Vanquished Creatures
  A gnoll (D:1)
  An adder (D:2)
  2 oozes (D:2)
  A worm (D:2)
  A dart slug (D:2)
  2 leopard geckos
  2 giant cockroaches (D:1)
  2 goblins (D:2)
  5 hobgoblins
  2 jackals (D:2)
  5 kobolds
  A bat (D:2)
  2 frilled lizards
  2 rats
29 creatures vanquished.

Notes
Turn   | Place    | Note
-------+----------+-------------------------------------------
     0 | D:1      | MalarOregon the Ghoul Gladiator began the quest for the
                  | Orb.
     0 | D:1      | Reached XP level 1. HP: 17/17 MP: 0/0
   103 | D:1      | Reached XP level 2. HP: 14/25 MP: 1/1
   669 | D:2      | Found an iron altar of Okawaru.
   729 | D:2      | Reached skill level 4 in Unarmed Combat
   729 | D:2      | Reached XP level 3. HP: 27/30 MP: 0/2
   781 | D:2      | Found a snail-covered altar of Cheibriados.
   781 | D:2      | Found a deep blue altar of Sif Muna.
   822 | D:2      | Found a sacrificial altar of Ru.
  1202 | D:1      | Reached skill level 1 in Shields
  1202 | D:1      | Reached XP level 4. HP: 28/38 MP: 1/3
  1300 | D:2      | Slain by a gnoll

Skill      XL: |  1  2  3 |
---------------+----------+-----
Unarmed Combat | 4 |  4.4
Fighting       | 3 |  3.0
Shields        | 1 |  1.0
Throwing       | |  1.7
Dodging        | |  2.9

Action                   |  1- 3 |  4- 6 || total
-------------------------+-------+-------++-------
Melee: Unarmed           |   111 |     5 ||   116
  Eat: Chunk             |     1 |       ||     1
Armor: Leather armour    |    29 |     1 ||    30
Dodge: Dodged            |    37 |     5 ||    42
Block: Shield            |    17 |       ||    17
